Map: Cyber Forest LE

Players

Stats - Winner!

  • Race: Protoss Protoss
  • Spawn Location: 5:00

Neeb

  • Race: Protoss Protoss
  • Spawn Location: 11:00

Event: IEM Season 13: Katowice (2019)

VOD

Have the link to the VOD?

Description

Time

  • Played on: March 2, 2019, 12:28 p.m.
  • Length: 11:32

All games in this series

Show
View Real Time Build Order
Export as new Build Order

Stats Protoss - Winner!

Build Orders:  

Get SALT Encoding   

  12  0:00  Probe  
  13  0:12  Probe  
  14  0:17  Pylon  
  14  0:24  Probe  
  15  0:32  Probe  
  15  0:36  Gateway  
  15  0:40  Probe  
  16  0:45  Assimilator  
  17  0:50  Probe  
  17  0:54  Assimilator  
  18  0:58  Probe  
  19  1:06  Probe  
  20  1:13  Gateway  
  20  1:17  Probe  
  20  1:23  Cybernetics Core  
  21  1:29  Probe  
  22  1:33  Pylon  
  22  1:41  Probe  
  23  1:53  Probe  
  24  2:00  Warp Gate, Adept x2  
  28  2:08  Pylon  
  28  2:30  Stalker x2  
  32  2:39  Robotics Facility  
  32  2:46  Gateway  
  32  3:04  Stalker x2  
  36  3:13  Pylon  
  36  3:24  Warp Prism  
  36  3:41  Nexus  
  38  3:50  Sentry x3  
  44  3:59  Probe  
  44  4:01  Pylon  
  45  4:03  Observer  
  46  4:22  Adept  
  46  4:23  Adept x2  
  52  4:26  Probe  
  53  4:47  Stalker x2  
  51  5:04  Stalker  
  51  5:06  Probe  
  50  5:12  Probe  
  50  5:13  Adept x2  
  50  5:14  Probe  
  54  5:23  Probe x2  
  50  5:40  Probe  
  50  5:41  Probe  
  52  5:48  Probe  
  52  5:49  Immortal, Probe  
  54  5:54  Sentry  
  54  5:55  Zealot x2  
  60  5:58  Probe x2  
  60  6:00  Twilight Council  
  62  6:09  Pylon  
  62  6:10  Probe x2, Phoenix  
  64  6:20  Assimilator  
  64  6:22  Probe x2, Assimilator  
  64  6:24  Forge  
  66  6:35  Protoss Ground Weapons Level 1, Probe x2  
  66  6:38  Charge  
  68  6:46  Immortal  
  72  6:47  Probe x2  
  74  7:07  Gateway  
  74  7:10  Gateway x2  
  74  7:11  Templar Archives  
  74  7:19  Phoenix  
  74  7:24  Pylon  
  74  7:27  Pylon  
  72  7:38  Pylon  
  72  7:39  Pylon  
  72  7:44  Gateway  
  72  7:45  Gateway  
  72  7:49  Pylon  
  72  7:52  Immortal  
  72  7:54  High Templar x2  
  80  8:02  Zealot x2  
  80  8:05  Protoss Ground Weapons Level 2  
  84  8:07  Archon  
  84  8:09  Nexus  
  84  8:17  Pylon, High Templar x2  
  88  8:21  Archon  
  88  8:29  Pylon  
  88  8:32  Zealot x2  
  92  8:42  Zealot x2  
  92  8:43  High Templar x2  
  100  8:48  Archon  
  100  8:50  Zealot  
  100  8:51  Zealot  
  105  9:03  Observer  
  105  9:06  Photon Cannon  
  105  9:11  Photon Cannon  
  105  9:17  High Templar  
  105  9:19  High Templar  
  105  9:20  Zealot x2  
  105  9:23  Archon  
  113  9:34  Zealot x4  
  119  9:51  Zealot x4  
  125  9:58  Zealot x2, High Templar x2  
  133  10:02  Archon  
  133  10:03  Photon Cannon  
  133  10:10  Photon Cannon  
  133  10:20  High Templar x2  
  133  10:21  Zealot x2  
  141  10:24  Archon  
  141  10:27  Pylon x2  
  141  10:30  Pylon  
  141  10:52  High Templar x2  
  141  10:53  Zealot x6  
  157  10:57  Archon  
  157  11:07  Pylon  
  157  11:08  Pylon  
  158  11:22  Zealot x3  
  164  11:28  Zealot x4  
Show
View Real Time Build Order
Export as new Build Order

Neeb Protoss 

Build Orders: 1 Gate Expand, Archon Immortal 

Get SALT Encoding   

  12  0:00  Probe  
  13  0:12  Probe  
  14  0:18  Pylon  
  14  0:24  Probe  
  15  0:32  Probe  
  15  0:37  Gateway  
  15  0:40  Probe  
  16  0:47  Assimilator  
  17  0:51  Probe  
  18  1:03  Probe  
  19  1:15  Probe  
  20  1:19  Pylon  
  20  1:25  Cybernetics Core  
  21  1:39  Nexus  
  20  1:42  Probe  
  21  1:50  Probe  
  21  1:51  Assimilator  
  22  1:58  Probe  
  22  2:02  Warp Gate, Stalker  
  25  2:10  Probe  
  26  2:17  Pylon  
  26  2:22  Probe  
  27  2:25  Sentry  
  27  2:34  Probe  
  30  2:41  Stalker  
  30  2:43  Gateway  
  29  2:46  Probe  
  32  2:52  Probe  
  32  2:57  Shield Battery  
  33  2:58  Probe  
  33  3:04  Probe  
  35  3:08  Shield Battery  
  35  3:11  Probe  
  36  3:15  Sentry  
  36  3:16  Probe  
  39  3:23  Probe  
  40  3:28  Probe  
  40  3:31  Robotics Facility  
  39  3:35  Shield Battery  
  39  3:40  Shield Battery x2  
  39  3:45  Probe x2  
  41  3:52  Sentry  
  41  3:53  Stalker  
  45  3:57  Probe, Shield Battery  
  45  4:00  Pylon  
  46  4:08  Immortal, Shield Battery  
  46  4:09  Shield Battery  
  46  4:11  Shield Battery  
  46  4:18  Probe  
  46  4:23  Sentry  
  53  4:31  Pylon  
  53  4:33  Pylon  
  49  4:41  Stalker  
  49  4:46  Stalker  
  49  4:50  Probe x2  
  51  4:53  Pylon  
  49  5:04  Immortal  
  49  5:05  Stalker  
  44  5:08  Probe x2  
  44  5:14  Stalker  
  44  5:20  Probe  
  49  5:26  Probe  
  45  5:28  Adept  
  45  5:32  Probe  
  45  5:33  Warp Prism  
  46  5:47  Probe  
  47  5:50  Probe  
  47  5:55  Sentry  
  50  6:00  Sentry, Probe  
  50  6:02  Probe  
  54  6:12  Probe  
  54  6:14  Probe  
  56  6:24  Probe  
  61  6:26  Probe  
  61  6:31  Twilight Council  
  58  6:34  Forge  
  58  6:36  Probe  
  58  6:38  Probe  
  60  6:41  Immortal  
  60  6:46  Pylon  
  64  6:48  Probe  
  64  6:50  Probe  
  66  6:54  Protoss Ground Weapons Level 1  
  66  6:59  Charge  
  66  7:00  Probe, Assimilator  
  66  7:01  Assimilator  
  67  7:02  Probe  
  68  7:12  Probe  
  69  7:19  Gateway  
  69  7:21  Gateway  
  69  7:23  Gateway  
  69  7:35  Probe  
  70  7:39  Gateway  
  70  7:40  Gateway  
  70  7:41  Dark Shrine  
  70  7:42  Probe  
  71  7:54  Pylon  
  71  7:56  Pylon  
  71  7:59  Gateway  
  71  8:11  Zealot  
  71  8:12  Zealot  
  75  8:20  Protoss Ground Weapons Level 2  
  76  8:30  Pylon  
  75  8:40  Pylon  
  75  8:42  Nexus, Pylon  
  75  8:54  Dark Templar x4  
  83  9:02  Zealot x3  
  89  9:06  Zealot  
  91  9:24  Probe  
  91  9:25  Probe  
  91  9:26  Pylon  
  93  9:34  Dark Templar x3  
  93  9:36  Dark Templar  
  93  9:37  Probe  
  102  9:40  Probe  
  102  9:43  Archon x2  
  99  9:54  Immortal  
  99  9:57  Probe  
  100  10:00  Dark Templar x2  
  100  10:06  Archon  
  104  10:07  Zealot x2  
  108  10:20  Dark Templar  
  110  10:23  Dark Templar, Zealot x2  
  110  10:27  Archon  
  116  10:29  Zealot x2  
  116  10:34  Pylon  
  120  10:37  Zealot  
  120  10:38  Zealot  
  120  10:40  Observer  
  124  10:45  Zealot x2  
  129  11:03  Dark Templar x2  
  133  11:14  Pylon  
  133  11:15  Pylon  
  133  11:18  Pylon  

Tags
 
Add a new tag
Caveats
  • Supply blocks, unpowered buildings, or Contaminate may cause inaccurate times.
  • Supply counts are checked every 10 seconds.